 Dungeon Crawl Stone Soup version 0.29.1-12-g30fa7ad0bf (webtiles) character file.

Game seed: 17447813298143704111

164719 Wanderer2 the Spry (level 17, -8/119 HPs)
             Began as an Octopode Hedge Wizard on Jan 4, 2023.
             Was a High Priest of Okawaru.
             Killed from afar by Ejoog the Cloud Mage (24 damage)
             ... with a vortex
             ... in a wizard's laboratory on Jan 5, 2023.
             The game lasted 10:11:47 (70271 turns).

Wanderer2 the Spry (Octopode Hedge Wizard)         Turns: 70271, Time: 10:11:47

Health: -8/119     AC: 13    Str: 11    XL:     17   Next: 86%
Magic:  11/27      EV: 48    Int: 11    God:    Okawaru [*****.]
Gold:   1163       SH: 21    Dex: 34    Spells: 11/30 levels left

rFire   . . .      SeeInvis +   y - +5 spear of Liure {speed, rElec}
rCold   . . .      Faith    .   I - +2 kite shield {AC+3}
rNeg    . . .      Spirit   .   L - +1 hat of the Sea {Regen+ Int-5 Dex+4 SInv}
rPois   .          Reflect  .   u - amulet of regeneration
rElec   +          Harm     .   d - +4 ring of protection
rCorr   .          Rampage  .   n - +6 ring of dexterity
Will    ++...                   f - +4 ring of protection
Stlth   +++++++++.              E - ring of willpower
HPRegen 1.89/turn               V - +6 ring of dexterity
MPRegen 0.20/turn               Q - +4 ring of evasion
                                N - +4 ring of evasion
                                r - ring of wizardry

@: heroic, finesse-ful, flying (expiring)
A: almost no armour, amphibious, 8 rings, camouflage 1, gelatinous body 1,
nimble swimmer 1, tentacles
a: Renounce Religion, Heroism, Finesse, Duel


You were in a wizard's laboratory.
You worshipped Okawaru.
Okawaru was extremely pleased with you.
You visited 6 branches of the dungeon, and saw 28 of its levels.
You also visited: Bailey, Gauntlet and Wizlab.

You collected 2567 gold pieces.
You spent 1404 gold pieces at shops.

Inventory:

Hand Weapons
 b - a +1 morningstar of holy wrath
 l - the +7 long sword of Akuumese {flame, Dex+5}
   (You found it on level 1 of the Snake Pit)

   It burns those it strikes, dealing additional fire damage.
   Big, fiery blades are also staple armaments of hydra-hunters.
   Dex:       It affects your dexterity (+5).
 q - a +4 spear of freezing
 w - a +1 short sword of venom
 x - the +3 hand axe of Fortitude {protect, rN++ Str-3 Dex+4}
   (You took it off a necromancer on level 5 of the Lair of Beasts)

   It grants its wielder temporary protection when it strikes (+7 to AC).
   Str:       It affects your strength (-3).
   Dex:       It affects your dexterity (+4).
   rN:        It greatly protects you from negative energy.
 y - the +5 spear of Liure (weapon) {speed, rElec}
   (Okawaru gifted it to you on level 1 of the Elven Halls)

   Attacks with this weapon are significantly faster.
   rElec:     It insulates you from electricity.
 B - a +5 short sword of electrocution
 O - a +4 quick blade
 Z - a +2 vorpal shortbow
Missiles
 a - 6 boomerangs of dispersal
 j - 3 atropa-tipped darts
 J - 5 poisoned darts
 M - 17 curare-tipped darts
Armour
 e - a +2 hat of willpower
 A - the +0 hat "Zehad" {rF+ Dex+3 SInv}
   (Okawaru gifted it to you on level 11 of the Dungeon)

   Dex:       It affects your dexterity (+3).
   rF:        It protects you from fire.
   SInv:      It lets you see invisible.
 F - a scarf of repulsion
 I - a +2 kite shield of protection (worn)
 L - the +1 hat of the Sea (worn) {Regen+ Int-5 Dex+4 SInv}
   (Okawaru gifted it to you on level 14 of the Dungeon)

   Int:       It affects your intelligence (-5).
   Dex:       It affects your dexterity (+4).
   SInv:      It lets you see invisible.
   Regen:     It increases your rate of health regeneration.
Jewellery
 d - a +4 ring of protection (left tentacle)
 f - a +4 ring of protection (on tentacle)
 n - a +6 ring of dexterity (right tentacle)
 r - a ring of wizardry (on tentacle)
 t - a ring of flight
 u - an amulet of regeneration (around mantle)
 E - a ring of willpower (on tentacle)
 H - a ring of willpower
 N - a +4 ring of evasion (on tentacle)
 Q - a +4 ring of evasion (on tentacle)
 R - an amulet of magic regeneration
 V - a +6 ring of dexterity (on tentacle)
Wands
 o - a wand of mindburst (18)
 v - a wand of iceblast (6)
 D - a wand of digging (20)
Scrolls
 h - a scroll of silence {unknown}
 i - a scroll of butterflies {unknown}
 z - 4 scrolls of magic mapping
 C - 6 scrolls of fear
 K - 8 scrolls of teleportation
 W - 13 scrolls of identify
Potions
 c - 3 potions of magic
 g - 2 potions of resistance {unknown}
 k - 5 potions of might
 m - a potion of invisibility {unknown}
 p - 14 potions of curing
 s - a potion of brilliance {unknown}
 G - a potion of mutation {unknown}
Miscellaneous
 T - a condenser vane
 U - a phantom mirror
 X - a phial of floods (inert)


   Skills:
 - Level 12.0(17.0) Fighting
 + Level 7.5(12.5) Polearms
 - Level 16.0(21.0) Dodging
 - Level 10.0(15.0) Stealth
 - Level 15.0(20.0) Shields
 - Level 7.0 Spellcasting
 - Level 10.0 Conjurations
 - Level 1.0 Summonings
 - Level 4.0 Translocations
 - Level 3.0 Fire Magic
 - Level 6.0 Air Magic
 - Level 9.0 Earth Magic
 - Level 6.0 Invocations
 - Level 5.0 Evocations


You had 11 spell levels left.
You knew the following spells:

 Your Spells              Type           Power      Damage    Failure   Level
a - Magic Dart            Conj           100%       1d8       1%          1
b - Conjure Flame         Conj/Fire      18%        6-21      1%          3
c - Iskenderun's Mystic   Conj/Tloc      19%        2d6       5%          4
d - Stone Arrow           Conj/Erth      48%        3d10      1%          3
q - Mephitic Cloud        Conj/Pois/Air  15%        N/A       3%          3
t - Blink                 Tloc           24%        N/A       2%          2
R - Swiftness             Air            17%        N/A       2%          3

Your spell library contained the following spells:

 Spells                   Type           Power      Damage    Failure   Level
 Foxfire                  Conj/Fire      72%        2x1d7     1%          1
 Static Discharge         Conj/Air       21%        3-6/arc   1%          2
 Passwall                 Tmut/Erth      10%        N/A       2%          2
 Dazzling Flash           Conj/Hex       28%        N/A       3%          3
 Poisonous Vapours        Pois/Air       20%        N/A       4%          2
 Gell's Gravitas          Tloc           12%        N/A       6%          3
 Teleport Other           Tloc           12%        N/A       6%          3
 Flame Wave               Conj/Fire      18%        2d7       6%          4
 Slow                     Hex            12%        N/A       10%         1
 Lightning Bolt           Conj/Air       10%        1d23      10%         5
 Portal Projectile        Hex/Tloc       16%        N/A       12%         3
 Ensorcelled Hibernation  Hex/Ice        6%         N/A       14%         2
 Sublimation of Blood     Necr           3%         N/A       14%         2
 Wereblood                Tmut           3%         N/A       14%         2
 Inner Flame              Hex/Fire       7%         N/A       16%         3
 Passage of Golubria      Tloc           12%        N/A       17%         4
 Ozocubu's Armour         Ice            3%         N/A       26%         3
 Spider Form              Tmut/Pois      3%         N/A       26%         3
 Vampiric Draining        Necr           3%         2d6       26%         3
 Irradiate                Conj/Tmut      7%         3d14      32%         5
 Corpse Rot               Necr/Pois/Air  8%         N/A       38%         4
 Anguish                  Hex/Necr       1%         N/A       65%         4
 Cause Fear               Hex            1%         N/A       65%         4
 Dispel Undead            Necr           3%         3d7       65%         4
 Olgreb's Toxic Radiance  Pois           3%         N/A       65%         4
 Starburst                Conj/Fire      9%         6d5       65%         6
 Blade Hands              Tmut           1%         N/A       92%         5
 Metabolic Englaciation   Hex/Ice        1%         N/A       92%         5
 Yara's Violent Unravell  Hex/Tmut       1%         3d3       92%         5
 Dispersal                Tloc           6%         N/A       93%         6
 Dragon Form              Tmut           1%         N/A       100%        7
 Enfeeble                 Hex            1%         N/A       100%        7
 Ozocubu's Refrigeration  Ice            1%         4d7       100%        7
 Borgnjor's Revivificati  Necr           1%         N/A       100%        8
 Ignition                 Fire           5%         3d4       100%        8
 Lehudib's Crystal Spear  Conj/Erth      12%        10d4      100%        8
 Maxwell's Capacitive Co  Air            8%         ∞         100%        8
 Necromutation            Tmut/Necr      1%         N/A       100%        8
 Call Imp                 Summ           Unusable   N/A       N/A         2
 Animate Armour           Summ/Erth      Unusable   N/A       N/A         4
 Summon Guardian Golem    Hex/Summ       Unusable   N/A       N/A         3
 Tukima's Dance           Hex            Unusable   N/A       N/A         3
 Summon Forest            Summ/Tloc      Unusable   N/A       N/A         5
 Summon Mana Viper        Hex/Summ       Unusable   N/A       N/A         5
 Death Channel            Necr           Unusable   N/A       N/A         6
 Simulacrum               Ice/Necr       Unusable   N/A       N/A         6
 Summon Cactus Giant      Summ           Unusable   N/A       N/A         6
 Summon Hydra             Summ           Unusable   N/A       N/A         7

Dungeon Overview and Level Annotations

Branches:
Dungeon (15/15)            Temple (1/1) D:5            Lair (5/5) D:8
 Shoals (0/4) Lair:3        Snake (3/4) Lair:2          Orc (2/2) D:9
    Elf (2/3) Orc:2        Vaults (0/5) D:14         Depths (0/4) D:15
 Bailey (visited)          WizLab (1/1)             Gauntlet (visited)
  Slime: Lair:4-5

Altars:
Ashenzari
Cheibriados
Dithmenos
Elyvilon
Fedhas
Gozag
Hepliaklqana
Kikubaaqudgha
Makhleb
Nemelex Xobeh
Okawaru
Qazlal
Ru
Sif Muna
Trog
Uskayaw
Vehumet
Wu Jian
Xom
Yredelemnul
Zin
The Shining One
Jiyva

Shops:
D:8 (   D:9 =   D:11 =   Orc:2 *[(*

Portals:
Trove: D:14 (show abyssal rune of Zot)

Annotations:
Lair:4 1 runed translucent door, exclusion: acid blob
Lair:5 exclusion: 3 doors


Innate Abilities, Weirdness & Mutations

You cannot wear most types of armour.
You are amphibious.
You can wear up to eight rings at the same time.
Your skin changes colour to match your surroundings (Stealth+).
Your rubbery body absorbs attacks. (AC +1, EV +1)
You are camouflaged when in or above water. (Stealth+)
You have tentacles for arms and can constrict up to eight enemies at once.


Message History

You constrict Ejoog. You hit Ejoog.
Ejoog is lightly wounded.
You constrict Ejoog. You hit Ejoog.
You tentacle-slap Ejoog, but do no damage.
Ejoog is lightly wounded.
You constrict Ejoog, but do no damage. The freezing vortex lifts you up.
You fly up into the air.
Ejoog waves their arms in wide circles.
The air twists around and strikes you!!
Casting: Mephitic Cloud (mildly dangerous; 3% risk of failure)
Confirm with . or Enter, or press ? or * to list all spells.
You blink.
You lose your grip on Ejoog.
Casting: Blink (safe; 2% risk of failure)
Confirm with . or Enter, or press ? or * to list all spells.
Aiming: Stone Arrow (safe; 1% risk of failure)
Press: ? - help, Shift-Dir - straight line, f/p - Ejoog
Aim: Ejoog the Cloud Mage, wielding a +2 quick blade of electrocution and wearing the +3 robe of Clouds {*Thunder rCloud rElec} (lightly wounded, surrounded by a freezing vortex, 60% to hit)
The stone arrow hits Ejoog!
Ejoog is lightly wounded.
You float gracefully downwards.
Floosh!
The freezing vortex lifts you up.
You fly up into the air.
* * * LOW HITPOINT WARNING * * *
Okay, then.
Okay, then.
Aim the phial where?
Press: ? - help, Shift-Dir - straight line, f/p - Ejoog
Aim: Ejoog the Cloud Mage, wielding a +2 quick blade of electrocution and wearing the +3 robe of Clouds {*Thunder rCloud rElec} (whirling frost, lightly wounded, surrounded by a freezing vortex)
The torrent of water hits Ejoog!
Ejoog is moderately wounded.
Ejoog is knocked back by the torrent of water.
The wave splashes down.
Ejoog is engulfed in water.
You are engulfed in whirling frost.
You hear an angry hiss.
* * * LOW HITPOINT WARNING * * *
You are engulfed in whirling frost.
You feel stable enough to blink again.
You die...

≈##.§§..###≈≈≈≈≈≈≈≈≈≈≈≈≈≈≈≈≈
≈≈##§§.##≈≈≈≈≈≈≈≈≈§§≈≈≈≈≈≈≈≈≈
≈≈≈##§##≈≈≈≈≈≈≈≈≈§§§≈≈≈≈≈≈≈≈≈
≈≈≈≈###≈≈≈≈≈≈≈≈≈≈§§§≈≈≈≈≈≈≈≈≈≈
##################§≈≈≈≈≈≈≈≈≈≈≈
°Z§○t☼○..........###≈≈≈≈≈≈≈≈≈≈≈
~○§§Z§☼~~~≈≈~≈≈~...###≈≈≈≈≈≈≈≈≈
###############~~~...##≈≈≈≈≈≈≈≈
##############§@§§§§§#≈≈≈≈≈≈≈≈
§#..#..#..#§§##§§§§§§§##≈≈≈≈≈≈≈
§§.........§§.#§§§§§§§§#≈≈≈≈≈§≈
§§...........§#§§§§§§§§##≈≈≈≈§≈
§§....@.......#§§§§§§§§.#≈≈≈≈§≈
............§.§§§@§§§§§.#≈≈≈≈§≈
...........§..#§§§§§§§§.#§≈§§§≈
.............§#§§§§§§§§##§§§§§≈
...........§§.#§§§§§§§§#§§§§§§≈


You could see Ejoog the Cloud Mage (vortex, waterlogged).

Vanquished Creatures
  Saint Roka (Orc:2)
  Rupert (Lair:3)
  Gastronok (D:10)
  An orc warlord (Orc:2)
  A deep elf demonologist (Elf:1)
  4 dire elephants (Lair:5)
  2 spark wasps (WizLab)
  A minotaur (Gauntlet)
  A blizzard demon (WizLab)
  Snorg (Lair:3)
  2 vault guards (Bailey)
  A great orb of eyes (D:15)
  Fannar (Lair:3)
  3 boulder beetles
  9 hydras
  7 ghost crabs (WizLab)
  2 spriggan air magi (WizLab)
  6 two-headed ogres
  3 anacondas (Snake:2)
  A catoblepas (Lair:4)
  2 centaur warriors
  8 dancing weapons (Elf:1)
  3 tengu warriors
  5 naga warriors
  2 death yaks (Lair:5)
  2 orc high priests
  Urug (D:13)
  8 shock serpents
  9 naga sharpshooters
  3 deep elf knights
  A spectral death yak (Lair:5)
  Nergalle (D:10)
  Sonja (Lair:3)
  A spectral anaconda (Lair:5)
  3 death drakes (WizLab)
  A goliath frog (shapeshifter) (D:11)
  4 deep elf archers (Elf:1)
  3 naga ritualists
  Pikel (D:7)
  An obsidian statue (Lair:5)
  An orc knight (D:14)
  10 deep elf zephyrmancers
  3 necromancers (Lair:5)
  26 deep elf pyromancers
  5 salamanders
  5 mana vipers
  An orc sorcerer (Orc:2)
  10 ugly things
  7 cyclopes
  3 manticores
  2 moths of wrath (Gauntlet)
  27 elephants
  A dire elephant zombie (Lair:5)
  2 guardian serpents
  An apocalypse crab (WizLab)
  20 black mambas
  11 naga magi
  12 cane toads
  5 rime drakes
  3 kobold demonologists
  Maggie (D:10)
  A yaktaur (D:11)
  A dire elephant skeleton (Lair:5)
  2 efreet
  6 komodo dragons
  A freezing wraith (D:15)
  8 trolls
  2 wind drakes (WizLab)
  A queen bee (Lair:1)
  A hornet (D:11)
  Prince Ribbit (D:9)
  A spectral elephant (Lair:5)
  6 slime creatures (D:12)
  21 blink frogs
  A snapping turtle (Lair:3)
  10 air elementals
  A shadow (D:11)
  2 wraiths (D:11)
  A centaur simulacrum (D:11)
  A water elemental (Elf:1)
  Eustachio (D:4)
  2 fire elementals
  4 wyverns
  2 steam dragons
  8 basilisks
  A human (Bailey)
  42 yaks
  12 vampire mosquitoes
  A spectral cane toad (Lair:5)
  A death yak simulacrum (Lair:5)
  4 wargs
  Menkaure (D:4)
  4 acid dragons
  25 nagas
  12 water moccasins
  Duvessa (D:7)
  38 orc warriors
  3 elephant zombies (Lair:5)
  An ice beast (D:7)
  4 black bears
  7 ogres
  A sky beast (D:7)
  27 wolves
  2 elephant skeletons (Lair:5)
  6 centaurs
  A phantom (D:7)
  Blork the orc (D:6)
  6 kobold brigands
  15 bullfrogs
  2 scorpions
  2 cane toad simulacra (Lair:5)
  A gnoll sergeant (D:7)
  16 wights
  Dowan (D:7)
  An elephant simulacrum (Lair:5)
  39 killer bees
  3 howler monkeys
  5 hounds
  4 jellies
  20 orc priests
  A gnoll bouda (D:7)
  Ijyb (D:4)
  4 iguanas
  28 orc wizards
  A mummy (D:8)
  Robin (D:4)
  13 gnolls
  11 adders
  2 shadow imps
  2 ufetubi (D:5)
  4 worms
  4 dart slugs
  79 orcs
  8 ball pythons
  10 endoplasms
  4 giant cockroaches
  17 goblins
  11 hobgoblins
  21 kobolds
  7 bats
  4 frilled lizards
  A hobgoblin zombie (D:8)
  3 orc zombies (D:8)
  2 rats
  A spectral goblin (D:5)
  A bush (Lair:2)
901 creatures vanquished.

Vanquished Creatures (collateral kills)
  2 killer bees
2 creatures vanquished.

Vanquished Creatures (others)
  A naga sharpshooter (Snake:3)
  A shock serpent (WizLab)
  2 bushes (Lair:2)
  57 fungi
  153 plants
  31 withered plants (Lair:5)
245 creatures vanquished.

Grand Total: 1148 creatures vanquished

Notes
Turn   | Place    | Note
-------+----------+-------------------------------------------
     0 | D:1      | Wanderer2 the Octopode Hedge Wizard began the quest for the
                  | Orb.
     0 | D:1      | Reached XP level 1. HP: 11/11 MP: 4/4
   237 | D:1      | Reached XP level 2. HP: 12/17 MP: 6/6
   330 | D:1      | Learned a level 2 spell: Blink
   744 | D:1      | Found a faded altar of an unknown god.
   844 | D:1      | Reached XP level 3. HP: 21/21 MP: 7/7
   849 | D:1      | Learned a level 3 spell: Mephitic Cloud
  1983 | D:2      | Reached skill level 1 in Air Magic
  2074 | D:2      | Reached XP level 4. HP: 27/27 MP: 3/8
  3173 | D:3      | Reached XP level 5. HP: 31/31 MP: 7/9
  4232 | D:4      | Noticed Eustachio
  4237 | D:4      | Noticed Menkaure
  4290 | D:4      | Killed Eustachio
  4291 | D:4      | Reached XP level 6. HP: 29/36 MP: 1/10
  4573 | D:4      | Noticed Robin
  4592 | D:4      | Killed Robin
  4816 | D:4      | Reached skill level 5 in Conjurations
  5115 | D:5      | Entered Level 5 of the Dungeon
  5126 | D:5      | Reached XP level 7. HP: 37/41 MP: 5/11
  5255 | D:5      | Found a staircase to the Ecumenical Temple.
  5271 | Temple   | Entered the Ecumenical Temple
  5282 | Temple   | Became a worshipper of Warmaster Okawaru
  5300 | D:5      | Found an ornate altar of the Wu Jian Council.
  5395 | D:4      | Noticed Ijyb
  5405 | D:4      | Killed Ijyb
  5476 | D:5      | Found a shimmering blue altar of Sif Muna.
  5557 | D:5      | Learned a level 3 spell: Conjure Flame
  5616 | D:5      | Found a white marble altar of Elyvilon.
  6263 | D:5      | Found a shadowy altar of Dithmenos.
  6265 | D:5      | Found a burning altar of Makhleb.
  6265 | D:5      | Found a hide-covered altar of Uskayaw.
  6428 | D:5      | Reached skill level 1 in Fighting
  6534 | D:5      | Found a hazy altar of Hepliaklqana.
  6548 | D:5      | Reached * piety under Okawaru
  6549 | D:5      | Reached XP level 8. HP: 31/50 MP: 7/14
  7171 | D:6      | Noticed Blork the orc
  7180 | D:6      | Killed Blork the orc
  7396 | D:6      | Reached skill level 3 in Dodging
  7889 | D:6      | Found a radiant altar of Vehumet.
  7930 | D:6      | Reached ** piety under Okawaru
  7931 | D:6      | Reached skill level 4 in Dodging
  8095 | D:6      | Reached skill level 5 in Dodging
  8181 | D:6      | Reached skill level 1 in Invocations
  8445 | D:7      | Found a sparkling altar of Nemelex Xobeh.
  8594 | D:7      | Reached skill level 6 in Dodging
  8594 | D:7      | Reached XP level 9. HP: 55/55 MP: 10/15
  8637 | D:7      | Got Sif Muna's Opusculum on Unhallowed Arts and Curses
  9279 | D:7      | Found a sacrificial altar of Ru.
  9400 | D:7      | Reached skill level 5 in Spellcasting
  9556 | D:7      | Reached *** piety under Okawaru
  9778 | D:7      | Reached skill level 7 in Dodging
  9848 | D:7      | Noticed a two-headed ogre
 10083 | D:7      | Noticed Dowan
 10241 | D:7      | Noticed Duvessa
 10281 | D:7      | Killed Duvessa
 10294 | D:7      | Killed Dowan
 10724 | D:7      | Killed a two-headed ogre
 10724 | D:7      | Reached **** piety under Okawaru
 10725 | D:7      | Reached skill level 8 in Dodging
 10725 | D:7      | Reached skill level 9 in Dodging
 10952 | D:7      | Reached XP level 10. HP: 63/63 MP: 3/17
 11046 | D:7      | Found a stormy altar of Qazlal.
 11119 | D:8      | Found an opulent altar of Gozag.
 11409 | D:8      | Reached skill level 10 in Dodging
 12096 | D:8      | Found a staircase to the Lair.
 12098 | D:8      | Found a glowing silver altar of Zin.
 12312 | D:8      | Reached skill level 1 in Evocations
 12432 | D:8      | Found Dovum's Weapon Shoppe.
 12649 | D:9      | Noticed a two-headed ogre
 12790 | D:9      | Found a staircase to the Orcish Mines.
 12841 | D:9      | Reached skill level 5 in Stealth
 12882 | D:9      | Found a flagged portal.
 12894 | Bailey   | Entered a bailey
 13125 | Bailey   | Reached ***** piety under Okawaru
 13126 | Bailey   | Reached skill level 5 in Fighting
 13292 | Bailey   | Noticed a vault guard
 13300 | Bailey   | Noticed a vault guard
 13581 | Bailey   | Killed a vault guard
 13902 | Bailey   | Killed a vault guard
 13903 | Bailey   | Reached skill level 5 in Evocations
 13903 | Bailey   | Reached XP level 11. HP: 8/72 MP: 4/18
 14694 | D:9      | Reached skill level 11 in Dodging
 14879 | D:9      | Killed a two-headed ogre
 15093 | D:9      | Received a gift from Okawaru
 15255 | D:9      | Noticed Prince Ribbit
 15458 | D:9      | Killed Prince Ribbit
 15459 | D:9      | Reached skill level 12 in Dodging
 15485 | D:9      | Reached skill level 1 in Shields
 15660 | D:9      | Found a blossoming altar of Fedhas.
 15726 | D:9      | Found Seth's Jewellery Shoppe.
 15738 | D:9      | Bought a +6 ring of dexterity for 468 gold pieces
 16056 | D:10     | Entered Level 10 of the Dungeon
 16064 | D:10     | Noticed Maggie
 16526 | D:10     | Noticed Gastronok
 16716 | D:10     | Found a broken altar of Ashenzari.
 16725 | D:10     | Noticed Nergalle
 16840 | Orc:1    | Entered Level 1 of the Orcish Mines
 17050 | Orc:2    | Entered Level 2 of the Orcish Mines
 17050 | Orc:2    | Found a staircase to the Elven Halls.
 17409 | Orc:1    | Noticed a deep elf pyromancer
 17639 | Orc:1    | Reached skill level 5 in Shields
 17724 | Orc:2    | Found Laodet's General Store.
 17810 | D:9      | Bought a +4 ring of evasion for 468 gold pieces
 18544 | Orc:2    | Found Zodamac's Assorted Antiques.
 19437 | Orc:2    | Noticed an orc high priest
 19518 | Lair:1   | Entered Level 1 of the Lair of Beasts
 19927 | Lair:1   | Reached XP level 12. HP: 65/81 MP: 18/21
 21038 | Lair:1   | Identified the +2 buckler "Ocvujubi" {Dex+2} (Okawaru
                  | gifted it to you on level 1 of the Lair of Beasts)
 21038 | Lair:1   | Received a gift from Okawaru
 21481 | Lair:1   | Reached skill level 13 in Dodging
 23225 | Lair:1   | Reached skill level 14 in Dodging
 23759 | Lair:2   | Found a staircase to the Snake Pit.
 23787 | Lair:2   | Noticed a five-headed hydra
 23821 | Lair:2   | Killed a five-headed hydra
 24120 | Lair:2   | Reached XP level 13. HP: 86/86 MP: 12/22
 24783 | Lair:3   | Noticed Rupert
 24783 | Lair:3   | Noticed Fannar
 24993 | Lair:3   | Found a staircase to the Shoals.
 25231 | Lair:3   | Identified the +0 buckler "Pusolaits" {Str-4 Int+6 Slay+2}
                  | (Okawaru gifted it to you on level 3 of the Lair of Beasts)
 25231 | Lair:3   | Received a gift from Okawaru
 25290 | Lair:3   | Noticed Snorg
 25480 | Lair:3   | Noticed Sonja
 25649 | Lair:4   | Found a runed translucent door.
 25651 | Lair:4   | Found a viscous altar of Jiyva.
 25651 | Lair:4   | Noticed an acid blob
 26726 | Lair:5   | Entered Level 5 of the Lair of Beasts
 27014 | Lair:4   | Reached skill level 15 in Dodging
 28174 | Lair:4   | Found a runed translucent door.
 30383 | Lair:3   | Killed Fannar
 30702 | Lair:3   | Killed Sonja
 30703 | Lair:3   | Reached skill level 10 in Shields
 30871 | Lair:3   | Killed Snorg
 31404 | Lair:5   | Reached ****** piety under Okawaru
 31532 | Lair:5   | Reached XP level 14. HP: 97/97 MP: 19/23
 32326 | Lair:5   | Reached skill level 10 in Fighting
 32483 | D:9      | Bought a +4 ring of evasion for 468 gold pieces
 32711 | D:7      | Noticed Pikel
 32730 | D:7      | Killed Pikel
 33020 | D:4      | Found a shimmering altar of Xom.
 33282 | D:4      | Killed Menkaure
 33462 | D:4      | Found a shimmering altar of Xom.
 34133 | Lair:5   | Reached skill level 10 in Stealth
 35373 | D:10     | Killed Gastronok
 35705 | D:10     | Killed Maggie
 35950 | D:10     | Received a gift from Okawaru
 36295 | D:10     | Killed Nergalle
 36296 | D:10     | Reached skill level 16 in Dodging
 36320 | D:11     | Found Giwops's Jewellery Shoppe.
 37069 | D:11     | Identified the +0 hat "Zehad" {rF+ Dex+3 SInv} (Okawaru
                  | gifted it to you on level 11 of the Dungeon)
 37069 | D:11     | Received a gift from Okawaru
 38042 | D:11     | Noticed a dire elephant
 38042 | D:11     | an iron troll changed into a dire elephant
 38046 | D:11     | Noticed a sphinx
 38046 | D:11     | a dire elephant changed into a sphinx
 38047 | D:11     | Noticed a caustic shrike
 38047 | D:11     | a sphinx changed into a caustic shrike
 38048 | D:11     | Noticed an iron dragon
 38048 | D:11     | a caustic shrike changed into an iron dragon
 38056 | D:11     | Noticed a golden dragon
 38056 | D:11     | an iron dragon changed into a golden dragon
 38339 | D:11     | Noticed a golden dragon
 38702 | D:10     | Learned a level 3 spell: Swiftness
 39898 | Orc:2    | Noticed Saint Roka
 40292 | Orc:1    | Reached skill level 5 in Air Magic
 40714 | Orc:1    | Reached XP level 15. HP: 103/103 MP: 18/24
 43588 | D:12     | Received a gift from Okawaru
 44000 | D:13     | Noticed Urug
 44057 | D:12     | Reached skill level 5 in Invocations
 44243 | D:13     | Killed Urug
 45446 | D:14     | Found a gate to the Vaults.
 45486 | D:14     | Found a portal to a secret trove of treasure.
 45514 | D:14     | Found a gate leading to a gauntlet.
 45540 | Gauntlet | Entered a Gauntlet
 45540 | Gauntlet | Found a transporter.
 45547 | Gauntlet | Found a transporter.
 45555 | Gauntlet | Found a transporter.
 45563 | Gauntlet | Found a transporter.
 45602 | Gauntlet | Learned a level 4 spell: Iskenderun's Mystic Blast
 45668 | Gauntlet | Found a transporter.
 45672 | Gauntlet | Found a transporter.
 45692 | Gauntlet | Found a transporter.
 45718 | Gauntlet | Found a transporter.
 45727 | Gauntlet | Found a transporter.
 45800 | Gauntlet | Found the +4 Cigotuvi's embrace {rMiasma Drain rN+}
 46368 | D:14     | Found an iron altar of Okawaru.
 46877 | D:14     | Learned a level 3 spell: Stone Arrow
 47165 | D:14     | Reached skill level 1 in Earth Magic
 47262 | D:14     | Identified the +1 ring mail "Cayhex" {+Inv Int+4}
 47310 | D:15     | Entered Level 15 of the Dungeon
 47422 | D:14     | Identified the +1 hat of the Sea {Regen+ Int-5 Dex+4 SInv}
                  | (Okawaru gifted it to you on level 14 of the Dungeon)
 47422 | D:14     | Received a gift from Okawaru
 48289 | D:15     | Found a staircase to the Depths.
 49546 | D:1      | Found a faded altar of an unknown god.
 50954 | D:4      | Found a shimmering altar of Xom.
 51393 | D:5      | Found an ornate altar of the Wu Jian Council.
 51419 | D:5      | Found a staircase to the Ecumenical Temple.
 51466 | D:5      | Found a hazy altar of Hepliaklqana.
 51517 | D:5      | Found a shimmering blue altar of Sif Muna.
 51563 | D:5      | Found a white marble altar of Elyvilon.
 51738 | D:5      | Found a shadowy altar of Dithmenos.
 51740 | D:5      | Found a hide-covered altar of Uskayaw.
 51740 | D:5      | Found a burning altar of Makhleb.
 52047 | D:6      | Found a radiant altar of Vehumet.
 52397 | D:7      | Found a stormy altar of Qazlal.
 52575 | D:7      | Found a sparkling altar of Nemelex Xobeh.
 52766 | D:7      | Found a sacrificial altar of Ru.
 53173 | D:8      | Found a staircase to the Lair.
 53175 | D:8      | Found a glowing silver altar of Zin.
 53421 | D:8      | Found Dovum's Weapon Shoppe.
 53515 | D:8      | Found an opulent altar of Gozag.
 53610 | D:9      | Found a staircase to the Orcish Mines.
 53782 | D:9      | Found Seth's Jewellery Shoppe.
 53921 | D:9      | Found a blossoming altar of Fedhas.
 54044 | D:10     | Found a broken altar of Ashenzari.
 54518 | D:11     | Reached skill level 5 in Earth Magic
 54623 | D:11     | Found Giwops's Jewellery Shoppe.
 55193 | Snake:1  | Entered Level 1 of the Snake Pit
 55977 | Snake:1  | Reached XP level 16. HP: 112/112 MP: 10/25
 56082 | Snake:1  | Identified the +7 long sword of Akuumese {flame, Dex+5}
 58052 | Snake:2  | Received a gift from Okawaru
 60002 | Snake:3  | Found a glowing silver altar of Zin.
 61057 | Orc:2    | Killed Saint Roka
 61216 | Orc:2    | Found Kaimul's Antique Armour Shoppe.
 61217 | Orc:2    | Found Gach's Antique Weapon Emporium.
 61458 | Orc:2    | Found a staircase to the Elven Halls.
 61510 | Orc:2    | Found Laodet's General Store.
 61593 | Orc:2    | Found Kaimul's Antique Armour Shoppe.
 61683 | Orc:2    | Found Zodamac's Assorted Antiques.
 62093 | Lair:3   | Killed Rupert
 63196 | Lair:5   | Reached XP level 17. HP: 119/119 MP: 3/26
 63475 | Lair:5   | Received a gift from Okawaru
 63476 | Lair:5   | Reached skill level 15 in Shields
 64219 | Lair:5   | Identified the +3 hand axe of Fortitude {protect, rN++
                  | Str-3 Dex+4}
 64787 | Lair:5   | Got Kikubaaqudgh's Book of Black Liturgies
 65863 | Elf:1    | Entered Level 1 of the Elven Halls
 65889 | Elf:1    | Identified the +5 spear of Liure {speed, rElec} (Okawaru
                  | gifted it to you on level 1 of the Elven Halls)
 65889 | Elf:1    | Received a gift from Okawaru
 66494 | Elf:1    | Reached skill level 1 in Polearms
 66991 | Elf:1    | Reached skill level 10 in Conjurations
 67310 | Elf:1    | Received a gift from Okawaru
 67967 | Elf:1    | Reached skill level 5 in Polearms
 68624 | Elf:2    | Found a magical portal.
 68652 | WizLab   | Entered The Chambers of the Cloud Mage
 68684 | WizLab   | HP: 5/119 [poisoned by a death drake (dark miasma)]
 68989 | WizLab   | Paralysed by an air elemental for 1 turns
 69203 | WizLab   | Paralysed by an air elemental for 1 turns
 69207 | WizLab   | Paralysed by an air elemental for 1 turns
 69235 | WizLab   | Paralysed by an air elemental for 1 turns
 70111 | WizLab   | Noticed Ejoog
 70271 | WizLab   | Killed from afar by Ejoog the Cloud Mage

Illustrated notes

Levels and vault maps discovered:
D:1:      eino_arrival_druids_welcome, layout_basic,
          hellmonk_ecumenical_altar_zigzags, minivault_27, nrook_loot_triangle,
          minmay_pentomino_r2
D:2:      layout_loops_cross
D:3:      layout_loops_ring, kennysheep_generic_room_9
D:4:      layout_cave_pools, kennysheep_mini, chequers_hall_statues_y,
          uniq_ijyb, uniq_robin, uniq_menkaure, uniq_eustachio
D:5:      layout_rooms, lemuel_crystal_altar, nicolae_overflow_crystal_walls,
          grunt_temple_overflow_diamond, nicolae_wu_jian_wuxing_cycle,
          nicolae_hepliaklqana_monster_ancestors, minmay_temple_entry_statues
D:6:      wad_pebble_path, layout_basic, mainiacjoe_overflow_boulevard,
          uniq_blork_the_orc
D:7:      layout_loops_corners, mainiacjoe_overflow_alcove_1,
          nicolae_ru_the_path_less_chosen, nicolae_qazlal_general_emergency,
          uniq_pikel, uniq_duvessa
D:8:      layout_rooms, pdpol_temple_overflow_zin_treasury_gozag_greed,
          erik_lair_orcish_takeover, serial_shops, nicolae_lakefront_shop,
          minmay_misc_feat_doors, dreamdust_mushroom_princess,
          minmay_mini_ossuary
D:9:      layout_roguey, mainiacjoe_overflow_catwalk, orc_0_dummy, serial_shops,
          nicolae_shop_trees, enter_bailey_3, uniq_prince_ribbit1
D:10:     layout_rooms, ashenzari_conservatory_becter, uniq_maggie,
          uniq_nergalle, uniq_gastronok
D:11:     layout_long_grid, serial_shops, nicolae_stop_n_shop_2,
          minmay_the_grid_square_5x5_3x3_mashed
          [minmay_the_grid_square_5x5_three_small,
          minmay_the_grid_square_5x5_minibox,
          minmay_the_grid_square_5x5_trominoes,
          minmay_the_grid_square_5x5_inner_v,
          minmay_the_grid_square_5x5_megaprize_crossed,
          minmay_the_grid_square_5x5_half_checkered,
          minmay_the_grid_square_5x5_dogpile,
          minmay_the_grid_square_5x5_tri_point, minmay_the_grid_square_5x5_n]
D:12:     layout_cave_pools
D:13:     layout_gridville, uniq_urug
D:14:     layout_layer_cave, hangedman_vaults_entry_quadrant_bands,
          okawaru_trees_1, gauntlet_entry_generic, enter_trove_0
D:15:     hangedman_depths_entry_try_elsewhere_first, layout_small_grid
Temple:   hellmonk_temple_rainy
Lair:1:   layout_cave_pods, special_room [special_room_bee], st_stairs_8,
          grunt_megastairs_1, lemuel_fruit_tree
Lair:2:   layout_gridlike, dummy_snake_entry, serial_forest,
          infiniplex_forest_straight_4, infiniplex_forest_lined_3_way,
          infiniplex_forest_clump_large, infiniplex_forest_clump_small,
          infiniplex_forest_split, infiniplex_forest_lined_2,
          infiniplex_forest_split, infiniplex_forest_end_2
Lair:3:   layout_cave_pods, minmay_shoals_entry_hut, uniq_rupert, uniq_fannar,
          uniq_sonja, uniq_snorg
Lair:4:   layout_loops_ring, slime_entry_2, grunt_forest_small_clearing_treed,
          infiniplex_staircase_pool_2, grunt_megastairs_2, serial_bayou_shore_a
Lair:5:   due_jungle_book, layout_regular_city
Snake:1:  layout_onion_interference
Snake:2:  layout_concentric_octagons
Snake:3:  layout_misc_corridors, basic_altar, grunt_ministairs_15
Orc:1:    layout_diamond_mine, nicolae_orc_sculptors_studio,
          elves_outpost_lemuel
Orc:2:    grunt_orc_community_town_hall, layout_caves,
          grunt_orc_community_big_house_1, grunt_orc_community_big_house_2,
          grunt_orc_community_house_2, grunt_orc_community_house_1,
          grunt_orc_community_house_3, grunt_orc_community_house_1,
          grunt_orc_community_house_3, uniq_saint_roka
Elf:1:    minmay_elf_arrival_summoners, layout_geoelf_grid,
          minmay_elf_demonology
Elf:2:    nicolae_elf_blades_crystal_corner, layout_rooms, mu_enter_wizlab_3,
          nicolae_elf_vaults_five_recruitment_drive, uniq_roxanne
WizLab:   wizlab_cloud

Skill      XL: |  1  2  3  4  5  6  7  8  9 10 11 12 13 14 15 16 17 |
---------------+----------------------------------------------------+-----
Conjurations   | 2 3 4 5 6 7 9 10 | 10.0
Air Magic      | 2 3 4 5 6 |  6.0
Spellcasting   | 4 5 6 7 |  7.0
Fire Magic     | 2 3 |  3.0
Fighting       | 2 3 6 7 9 10 11 12 | 12.0
Stealth        | 3 6 7 8 9 10 | 10.0
Dodging        | 6 9 10 12 14 15 16 | 16.0
Invocations    | 1 6 |  6.0
Evocations     | 5 |  5.0
Shields        | 5 7 10 12 13 14 15 | 15.0
Translocations | 3 4 |  4.0
Earth Magic    | 6 9 |  9.0
Polearms       | 7 |  7.5
Summonings     | |  1.0

Action                   |  1- 3 |  4- 6 |  7- 9 | 10-12 | 13-15 | 16-18 || total
-------------------------+-------+-------+-------+-------+-------+-------++-------
Melee: Dagger            |     5 |       |       |       |     1 |       ||     6
       Constrict         |     7 |    17 |    39 |   132 |   168 |   101 ||   464
       Tentacles         |     4 |    10 |    31 |   200 |   481 |   446 ||  1172
       Short sword       |    22 |    52 |   102 |   496 |   804 |       ||  1476
       Punch             |     1 |     1 |     6 |    22 |    28 |    41 ||    99
       Spear             |       |       |   105 |   221 |   438 |   554 ||  1318
       Morningstar       |       |       |       |       |    30 |       ||    30
       Scimitar          |       |       |       |       |     6 |       ||     6
       Falchion          |       |       |       |       |     5 |       ||     5
       Trident           |       |       |       |       |     5 |       ||     5
       Long sword        |       |       |       |       |       |   585 ||   585
 Fire: Shortbow          |       |       |       |       |     2 |       ||     2
 Cast: Magic Dart        |    45 |   138 |   127 |   219 |   275 |    65 ||   869
       Blink             |     1 |       |       |    12 |    24 |     1 ||    38
       Mephitic Cloud    |       |     8 |    29 |   120 |   200 |    29 ||   386
       Conjure Flame     |       |       |    21 |    46 |   162 |    27 ||   256
       Stone Arrow       |       |       |       |       |    28 |    52 ||    80
       Swiftness         |       |       |       |       |     3 |     3 ||     6
Invok: Heroism           |       |       |       |       |     3 |    14 ||    17
       Finesse           |       |       |       |       |       |     4 ||     4
Evoke: Wand              |       |       |       |       |     3 |       ||     3
       Condenser vane    |       |       |       |       |       |     1 ||     1
       Phial of floods   |       |       |       |       |       |     2 ||     2
  Use: Scroll            |       |       |       |     9 |     3 |     1 ||    13
       Potion            |       |       |       |     1 |     3 |     8 ||    12
 Stab: Sleeping          |    13 |     3 |       |     6 |     4 |     8 ||    34
       Confused          |       |     3 |    10 |    68 |   108 |    27 ||   216
       Distracted        |       |       |       |       |     2 |     5 ||     7
Armor: Skin              |     1 |     6 |    12 |    55 |    82 |    53 ||   209
Dodge: Dodged            |    17 |    46 |    57 |   437 |   956 |   913 ||  2426
Block: Buckler           |       |       |       |    97 |   559 |   122 ||   778
       Reflection        |       |       |       |     3 |     4 |       ||     7
       Kite shield       |       |       |       |       |       |   852 ||   852
